Map: Ephemeron LE

Players

Rob - Winner!

  • Race: Protoss Protoss
  • Spawn Location: 5:00

Caerwyn

  • Race: Terran Terran
  • Spawn Location: 11:00

VOD

Have the link to the VOD?

Description

Time

  • Played on: Sept. 6, 2019, 1:59 p.m.
  • Length: 10:21
Show
View Real Time Build Order
Export as new Build Order

Rob Protoss - Winner!

Build Orders: 1 Gate Expand, Blink Stalkers 

Get SALT Encoding   

  12  0:02  Probe  
  13  0:14  Probe  
  14  0:18  Pylon  
  14  0:25  Probe  
  15  0:34  Probe  
  15  0:38  Gateway  
  15  0:42  Probe  
  16  0:47  Assimilator  
  17  0:52  Probe  
  18  1:04  Probe  
  19  1:25  Cybernetics Core  
  19  1:29  Probe, Nexus  
  19  1:37  Probe  
  20  1:40  Assimilator  
  21  1:48  Pylon  
  21  1:50  Probe  
  22  1:56  Adept  
  22  2:02  Probe  
  22  2:04  Warp Gate  
  25  2:14  Probe  
  26  2:27  Probe  
  26  2:28  Stalker  
  29  2:36  Twilight Council  
  29  2:37  Probe  
  29  2:39  Probe  
  31  2:45  Probe  
  31  2:51  Probe  
  33  2:55  Probe  
  33  2:56  Blink  
  33  2:57  Stalker  
  36  3:03  Probe  
  37  3:07  Probe  
  37  3:12  Gateway  
  38  3:15  Probe  
  40  3:20  Probe  
  40  3:24  Gateway  
  40  3:28  Probe  
  40  3:32  Probe  
  42  3:35  Pylon  
  42  3:40  Probe  
  43  3:44  Probe, Robotics Facility  
  44  3:52  Probe  
  45  3:56  Stalker  
  45  4:02  Pylon  
  47  4:07  Nexus  
  45  4:11  Probe x2  
  45  4:16  Stalker  
  49  4:18  Stalker  
  49  4:23  Probe x2  
  53  4:25  Pylon  
  53  4:29  Forge  
  53  4:34  Observer  
  53  4:35  Probe  
  53  4:36  Probe  
  53  4:38  Stalker  
  57  4:39  Charge  
  57  4:46  Stalker  
  57  4:48  Stalker  
  57  4:49  Probe  
  57  4:50  Probe  
  63  4:57  Gateway  
  63  5:00  Protoss Ground Weapons Level 1  
  63  5:01  Probe  
  63  5:04  Gateway  
  64  5:09  Gateway  
  64  5:13  Probe  
  65  5:14  Gateway  
  65  5:18  Gateway  
  65  5:22  Gateway  
  65  5:26  Observer, Probe x2  
  65  5:27  Probe  
  68  5:37  Zealot x2  
  68  5:39  Pylon  
  72  5:49  Zealot  
  74  5:51  Pylon x2  
  74  5:56  Zealot  
  76  5:58  Zealot x2  
  80  6:10  Observer  
  78  6:13  Observer, Zealot x5  
  78  6:15  Pylon  
  78  6:18  Pylon, Stalker x2  
  86  6:19  Stalker  
  86  6:23  Stalker  
  94  6:29  Pylon  
  94  6:38  Zealot x4  
  102  6:42  Templar Archives  
  102  6:43  Assimilator  
  102  6:45  Probe x2  
  104  6:51  Zealot x4  
  104  6:53  Probe  
  113  6:56  Psionic Storm  
  113  6:57  Probe  
  114  7:02  Zealot x4  
  114  7:03  Observer  
  114  7:06  Probe  
  123  7:19  Zealot x4  
  131  7:34  Zealot, High Templar  
  132  7:38  Pylon  
  132  7:39  Pylon x2  
  132  7:40  Pylon  
  132  7:56  High Templar  
  132  7:57  Zealot x7  
  148  8:00  Pylon x2  
  148  8:01  Pylon  
  146  8:12  Zealot  
  122  8:29  Zealot x8  
  122  8:31  Archon  
  116  8:38  Zealot  
  64  8:51  Stalker x3  
  64  8:52  Stalker x5  
  76  9:01  Zealot  
  61  9:14  Zealot x2  
  61  9:15  Zealot x6  
  66  9:24  Zealot  
  38  9:34  Stalker x2  
  38  9:35  Stalker x3  
  48  9:47  Zealot x3  
  48  9:52  Zealot  
  47  9:58  Zealot  
  45  10:03  Zealot  
  45  10:07  Stalker  
  45  10:13  Stalker  
Show
View Real Time Build Order
Export as new Build Order

Caerwyn Terran 

Build Orders: Reaper Expand 

Get SALT Encoding   

  12  0:01  SCV  
  13  0:14  SCV  
  14  0:17  Supply Depot  
  14  0:26  SCV  
  15  0:38  SCV  
  15  0:40  Barracks  
  16  0:44  Refinery  
  16  0:51  SCV  
  17  1:05  SCV  
  18  1:17  SCV  
  19  1:28  Reaper  
  19  1:29  Orbital Command  
  20  1:41  Command Center  
  20  1:51  Supply Depot  
  20  1:56  SCV  
  21  2:03  Barracks Reactor  
  21  2:13  Barracks  
  21  2:14  SCV  
  22  2:19  Barracks  
  22  2:28  SCV  
  23  2:32  Engineering Bay  
  23  2:40  SCV  
  24  2:53  Orbital Command  
  24  2:55  Bunker, Marine x2  
  26  2:59  SCV  
  26  3:01  Barracks Tech Lab  
  27  3:06  Marine  
  28  3:16  Marine x2  
  28  3:17  SCV  
  31  3:22  Stimpack  
  31  3:24  Barracks Tech Lab  
  31  3:27  Marine  
  31  3:29  SCV  
  33  3:34  Marine x2  
  33  3:38  Terran Infantry Weapons Level 1  
  33  3:39  Supply Depot, SCV  
  33  3:41  SCV  
  37  3:46  Refinery  
  37  3:47  Marine  
  38  3:49  Marine  
  38  3:51  SCV  
  38  3:53  SCV  
  41  3:56  Combat Shield  
  41  3:59  Marine  
  41  4:00  Marine  
  43  4:04  SCV  
  43  4:05  SCV  
  45  4:11  Marine x2  
  45  4:16  Refinery  
  48  4:17  SCV  
  48  4:27  Marine x2  
  48  4:29  Marauder  
  48  4:30  Marauder  
  54  4:33  Supply Depot  
  54  4:38  Factory  
  54  4:53  Supply Depot, SCV  
  54  4:55  Marauder x2, SCV, Marine x2  
  61  5:04  Concussive Shells  
  61  5:05  Supply Depot, SCV  
  62  5:14  Marine x2  
  62  5:15  SCV  
  62  5:20  Barracks, SCV  
  66  5:22  Marauder x2, Barracks, Missile Turret  
  66  5:28  Starport  
  70  5:29  Factory Reactor  
  70  5:31  SCV  
  70  5:33  Marine  
  72  5:42  Marine  
  73  5:43  Marauder  
  75  5:51  Marauder  
  75  5:55  Supply Depot  
  77  5:57  Refinery  
  77  5:59  Ghost Academy  
  76  6:13  Barracks Tech Lab  
  76  6:14  Marauder  
  76  6:18  Barracks Tech Lab, Barracks Reactor  
  78  6:19  Marine x2  
  78  6:23  SCV x2  
  82  6:26  Medivac x2  
  86  6:36  Terran Infantry Armor Level 1  
  86  6:42  Supply Depot, Marine x4  
  87  6:55  Marine  
  87  6:56  Marine  
  87  7:00  Ghost  
  91  7:04  Marine x2  
  91  7:05  Medivac x2  
  91  7:06  Ghost  
  99  7:13  Supply Depot  
  99  7:14  Supply Depot  
  99  7:19  SCV x2  
  101  7:28  Ghost  
  102  7:39  Ghost x2  
  102  7:40  Marine x4  
  108  8:10  Marauder x2, Marine x4  
  108  8:11  Marauder  
  94  8:27  Marine  
  94  8:32  Marauder  
  42  9:23  Marine  
  31  9:34  Marine x2  
  29  9:59  Marine x2  
  28  10:00  Marauder  
Tags
 
Add a new tag
Caveats
  • Supply blocks, unpowered buildings, or Contaminate may cause inaccurate times.
  • Supply counts are checked every 10 seconds.